cohdb
Replays
Latest Replays
All Replays
Popular Replays
Top Player Replays
Match Explorer
How It Works
Community
CoH3 Stats
Reddit
Sign in to upload your games and track your stats! →
Sign in with Steam
Match 47367517
Unlisted
Match 47367517
Overview
Messages
Build Orders
End
Kradschützen Motorcycle Team
Panzerpioneer Squad
Panzerpioneer Squad
250 Light Carrier
Construct Light Support Kompanie
Assault Grenadier Squad
Construct Mechanized Kompanie
Support Armor Elements
Assault Mechanized Group
StuG III D Assault Gun
Vehicle Survival Package
Selects Panzerjäger Kommand Battlegroup
Selects Mine Fields
Selects Tank Busters
Selects Crew Shock Tactics
Marder III Tank Destroyer
2.5-tonne Medical Truck
254 Reconnaissance Tractor
Assault Mechanized Group
StuG III D Assault Gun
8 Rad Armored Car
Emergency Repair Kits
Marder III Tank Destroyer
Rapid Advance
Construct Panzerarmee Kommand
Selects Defensive Positions
Walking Stuka Rocket Launcher
Advanced Field Repairs
Selects Elefant Tank Destroyer
Dumais
Airandfelt
0
0
Comments
sign in to comment!
No comments posted yet!